 Dungeon Crawl Stone Soup version 0.27.1-34-g3ba077fa99 (webtiles) character file.

Game seed: 11365691902714284208

165 Delamore the Sneak (level 5, -1/30 HPs)
             Began as an Octopode Brigand on Feb 11, 2022.
             Slain by a jackal (3 damage)
             ... on level 3 of the Dungeon.
             The game lasted 00:02:19 (2512 turns).

Delamore the Sneak (Octopode Brigand)               Turns: 2512, Time: 00:02:19

Health: -1/30      AC:  1    Str: 11    XL:     5   Next: 46%
Magic:  5/5        EV: 16    Int: 19    God:
Gold:   141        SH:  0    Dex: 14    Spells: 4/4 levels left

rFire    + . .     SeeInvis .   a - +2 dagger
rCold    . . .     Faith    .   (no shield)
rNeg     . . .     Spirit   .   (helmet restricted)
rPois    .         Reflect  .   (no amulet)
rElec    .         Harm     .   l - +4 ring of evasion
rCorr    .         Rampage  .   k - +6 ring of intelligence
Will     .....                  (no ring)
Stlth    +++++.....             (no ring)
HPRegen  0.10/turn              (no ring)
MPRegen  0.09/turn              (no ring)
                                (no ring)
                                (no ring)

@: brilliant, flying
A: almost no armour, amphibious, 8 rings, camouflage 1, gelatinous body 1,
(nimble swimmer 1), tentacles, fire resistance 1, frail 1, mutation resistance
1, wild magic 1
a: no special abilities


You were on level 3 of the Dungeon.
You visited 1 branch of the dungeon, and saw 3 of its levels.

You collected 141 gold pieces.

Inventory:

Hand Weapons
 a - a +2 dagger (weapon)
Missiles
 b - 7 poisoned darts (quivered)
Jewellery
 k - a +6 ring of intelligence (right tentacle)
 l - a +4 ring of evasion (left tentacle)
Scrolls
 d - a scroll of identify
 f - 2 scrolls of noise
 h - 2 scrolls of teleportation
 i - a scroll of amnesia
Potions
 e - a potion of brilliance


   Skills:
 - Level 2.0 Fighting
 + Level 3.3 Short Blades
 + Level 2.4 Throwing
 - Level 1.0 Dodging
 * Level 7.9 Stealth


You had 4 spell levels left.
You didn't know any spells.
Your spell library was empty.

Dungeon Overview and Level Annotations

Branches:
Dungeon (3/15)

Altars:
Cheibriados
Nemelex Xobeh
Sif Muna
Trog
Zin

Shops:
D:3 *


Innate Abilities, Weirdness & Mutations

You cannot wear most types of armour.
You are amphibious.
You can wear up to eight rings at the same time.
Your skin changes colour to match your surroundings (Stealth+).
Your rubbery body absorbs attacks. (AC +1, EV +1)
((You are camouflaged near water. (Stealth+)))
You have tentacles for arms and can constrict up to eight enemies at once.
Your flesh is heat resistant. (rF+)
You are frail. (-10% HP)
You are somewhat resistant to further mutation.
Your spells are a little harder to cast, but a little more powerful.


Message History

Aim: a goblin, wielding a +0 dagger (53% to hit)
Okay, then.
Throw: 2 darts (curare)
Press: ? - help, Q - select action, (/) - cycle Shift-Dir - straight line, f - jackal, p - goblin
Aim: a jackal (53% to hit)
You throw a curare-tipped dart.
The curare-tipped dart closely misses the jackal.
The jackal misses you.
Throw: dart (curare)
Press: ? - help, Q - select action, (/) - cycle Shift-Dir - straight line, f/p - jackal
Aim: a jackal (53% to hit)
You throw a curare-tipped dart.
The curare-tipped dart misses the jackal.
The jackal bites you.
* * * LOW HITPOINT WARNING * * *
The jackal bites you.
* * * LOW HITPOINT WARNING * * *
You aren't carrying any items that you can evoke.
Unknown command.
Okay, then.
It was a potion of brilliance.
You feel clever all of a sudden. The jackal bites you.
* * * LOW HITPOINT WARNING * * *
It was a potion of flight.
You feel very buoyant.
You fly up into the air.
The jackal closely misses you. x2
It was a potion of mutation.
You feel extremely strange.
You feel less in control of your magic.
You feel resistant to heat.
You feel frail.
You feel genetically stable. The jackal misses you.
Throw: 8 darts (poison)
Press: ? - help, Q - select action Shift-Dir - straight line, f/p - jackal
Aim: a jackal (53% to hit)
You throw a poisoned dart. The poisoned dart hits the jackal!
The jackal is poisoned.
The jackal misses you. The jackal barely misses you. The jackal bites you.
You die...

....##..<..#.##.).......#
...§..§.§..#.##.........#
≈≈§≈§≈≈....#.##.........#
.§.§.§§.§..#.###..†....##
§.≈≈§§§§§....##.........#
≈§...§§§...####.........#
≈.._..≈.#..# #.........#
§.....≈.#..# #.........#
§.≈≈≈.§.#.##
#.@################
..§........#
##h#...###..'......
≈≈§§≈≈≈....#
#.#.8.'#...#......
..§........#
#K#...#...##..h..K
############
#K#...#)K##'...###
#.(.8.'###.#...#
###..)#)#..#...# #...#..#
+###. #.8('##.. ..


You could see a jackal (poisoned) and 2 kobolds.

Vanquished Creatures
  Jessica (D:2)
  An orc wizard (D:3)
  Terence (D:2)
  2 adders
  2 worms
  A dart slug (D:2)
  6 orcs (D:3)
  2 bats (D:3)
  An endoplasm (D:1)
  A giant cockroach (D:1)
  6 goblins
  7 hobgoblins
  6 jackals
  4 kobolds (D:3)
  2 quokkas (D:3)
  3 ball pythons
  5 frilled lizards
  7 rats
58 creatures vanquished.

Notes
Turn   | Place    | Note
-------+----------+-------------------------------------------
     0 | D:1      | Delamore the Octopode Brigand began the quest for the Orb.
     0 | D:1      | Reached XP level 1. HP: 14/14 MP: 1/1
   159 | D:1      | Found a faded altar of an unknown god.
   212 | D:1      | Reached XP level 2. HP: 14/19 MP: 2/2
   602 | D:1      | Reached skill level 6 in Stealth
   820 | D:2      | Noticed Jessica
   822 | D:2      | Killed Jessica
   823 | D:2      | Reached XP level 3. HP: 24/24 MP: 3/3
   946 | D:2      | Noticed Terence
   978 | D:2      | Killed Terence
   979 | D:2      | Reached skill level 7 in Stealth
   979 | D:2      | Reached XP level 4. HP: 11/29 MP: 4/4
  1693 | D:3      | Found a shimmering blue altar of Sif Muna.
  1712 | D:3      | Reached XP level 5. HP: 22/34 MP: 5/5
  1934 | D:3      | Found a bloodstained altar of Trog.
  1934 | D:3      | Found a snail-covered altar of Cheibriados.
  2145 | D:3      | Found a sparkling altar of Nemelex Xobeh.
  2209 | D:3      | Found Zin's Purification Station.
  2212 | D:3      | Found a glowing silver altar of Zin.
  2505 | D:3      | HP: 1/34 [jackal (1)]
  2507 | D:3      | Gained mutation: Your spells are a little harder to cast,
                  | but a little more powerful. [potion of mutation]
  2507 | D:3      | Gained mutation: Your flesh is heat resistant. (rF+)
                  | [potion of mutation]
  2507 | D:3      | Gained mutation: You are frail. (-10% HP) [potion of
                  | mutation]
  2507 | D:3      | Gained mutation: You are somewhat resistant to further
                  | mutation. [potion of mutation]
  2512 | D:3      | Slain by a jackal

Illustrated notes

Levels and vault maps discovered:
D:1:      dpeg_arrival_erosion, layout_rooms, shapermc_ecumenical_altar_ellora
D:2:      layout_rooms, uniq_terence, uniq_jessica
D:3:      minmay_chambers_of_threes, layout_rooms,
          mainiacjoe_overflow_cross_hatched,
          mainiacjoe_overflow_concentric_impassable, zin_purify,
          jmf_multi_god_temple

Skill      XL: |  1  2  3 |
---------------+----------+-----
Stealth        | 6 7 |  7.9
Short Blades   | 3 |  3.3
Fighting       | |  2.0
Throwing       | |  2.4
Dodging        | |  1.0

Action                   |  1- 3 |  4- 6 || total
-------------------------+-------+-------++-------
Melee: Dagger            |    41 |    77 ||   118
       Constrict         |     9 |    22 ||    31
       Tentacles         |     4 |    14 ||    18
Throw: Dart              |     1 |     3 ||     4
  Use: Scroll            |       |     3 ||     3
       Potion            |       |     3 ||     3
 Stab: Sleeping          |     9 |     6 ||    15
       Distracted        |       |     1 ||     1
Armor: Skin              |     6 |     1 ||     7
Dodge: Dodged            |    18 |    42 ||    60
